[Event "American Cup Open Elimination 2024"]
[Site "Saint Louis"]
[Date "2024.03.14"]
[Round "1.1"]
[White "Sevian, Samuel"]
[Black "Oparin, Grigoriy"]
[Result "1/2-1/2"]
[ECO "B67"]
[WhiteElo "2697"]
[BlackElo "2671"]
[Annotator "TA"]
[PlyCount "68"]
[EventDate "2024.03.11"]
[EventType "k.o."]
[EventCountry "USA"]
[SourceTitle "playchess.com"]
[Source "ChessBase"]
[SourceQuality "1"]
[TimeControl "900+10"]

1. e4 c5 2. Nf3 d6 3. d4 cxd4 4. Nxd4 Nf6 5. Nc3 Nc6 6. Bg5 e6 7. Qd2 a6 8. O-O-O Bd7 9. f3 Nxd4 10. Qxd4 Be7 11. h4 h6 12. Be3 h5 13. Kb1 (13. Be2 $14) 13... Qc7 {[%emt 0:00:09] The position is equal.} 14. Qd2 b5 15. Bg5 b4 16. Ne2 a5 17. c4 e5 18. Ng3 g6 19. Be2 Ba4 20. Rdf1 (20. b3 $14 Bd7 21. f4) 20... Bc6 $11 21. Rd1 Rd8 22. Rhf1 (22. Nf1 $11) 22... Nh7 $15 23. f4 Nxg5 24. fxg5 Qb6 25. Bd3 Rd7 26. Rf3 Rf8 ({Black should play} 26... O-O $15) 27. Rdf1 ({White has to play} 27. Nf1 $1 $11) 27... Bd8 28. Nh1 Qd4 29. Ng3 Qc5 30. R1f2 Bb6 31. Nf1 Qd4 32. Ng3 Qc5 33. Nf1 Qd4 34. Ng3 Qc5 {[%emt 0:00:13] Weighted Error Value: White=0.20 (precise) /Black=0.17 (very precise) .  Mistake:       	White=4     	Black=1      Inaccurate:     	White=2     	Black=5      OK:         	White=10    	Black=7      Best:        	---       	Black=1} 1/2-1/2

[Event "American Cup Open Elimination 2024"]
[Site "Saint Louis"]
[Date "2024.03.14"]
[Round "1.2"]
[White "Dominguez Perez, Leinier"]
[Black "Shankland, Sam"]
[Result "1/2-1/2"]
[ECO "B33"]
[WhiteElo "2749"]
[BlackElo "2674"]
[Annotator "TA"]
[PlyCount "94"]
[EventDate "2024.03.11"]
[EventType "k.o."]
[EventCountry "USA"]
[SourceTitle "playchess.com"]
[Source "ChessBase"]
[SourceQuality "1"]
[TimeControl "900+10"]

1. e4 c5 2. Nf3 e6 3. d4 cxd4 4. Nxd4 Nc6 5. Nc3 Nf6 6. Ndb5 d6 7. Bf4 e5 8. Bg5 a6 9. Na3 b5 10. Nd5 Be7 11. Bxf6 Bxf6 12. c3 Bg5 13. Nc2 Rb8 14. Be2 O-O 15. O-O Be6 16. Qd3 g6 17. Rfd1 Kg7 18. Ncb4 Nxb4 19. Nxb4 Rb6 {[%emt 0:00:06] Prevents Nc6} 20. Nd5 Rb7 21. Bf3 a5 22. Qe2 Qc8 23. Rd3 b4 24. cxb4 axb4 25. h3 Qc5 26. b3 Rc8 27. Bg4 Qc2 28. Qf1 {[%emt 0:01:11] White is weak on the dark squares} f5 (28... Qb2 $17 {And now ...Bc1 would win.} 29. Bxe6 fxe6) 29. exf5 $11 {[%emt 0:01:20] The position is equal.} gxf5 30. Be2 Kh8 31. Rdd1 {[%emt 0:00:27] Ba6 is the strong threat.} Qc5 32. Bc4 Rg7 33. Nxb4 Bxc4 34. Qxc4 Qxc4 35. bxc4 Rxc4 36. a3 Ra7 37. Rab1 (37. Rxd6 $2 {perishes.} Rxb4 38. g3 Kg7 $19) 37... Rxa3 38. Rxd6 Be7 39. Rb6 {[%emt 0:00:02] Hoping for Rb8+.} Rxb4 40. R6xb4 Bxb4 41. Rxb4 {[%emt 0:00:02][%mdl 4096] Endgame. KR-KR} Ra1+ 42. Kh2 Kg7 43. Rb7+ Kg6 44. Rb6+ Kg7 45. Rb7+ Kg6 46. Rb6+ Kg7 47. Rb7+ Kg6 {[%emt 0:00:01] Weighted Error Value: White=0.04 (flawless) /Black=0.04 (flawless) .  Mistake:       	---       	Black=1      OK:         	White=11    	Black=16     Best:        	White=2     	---} 1/2-1/2

[Event "American Cup Open Elimination 2024"]
[Site "Saint Louis"]
[Date "2024.03.14"]
[Round "1.2"]
[White "Shankland, Sam"]
[Black "Dominguez Perez, Leinier"]
[Result "1/2-1/2"]
[ECO "E24"]
[WhiteElo "2674"]
[BlackElo "2749"]
[Annotator "TA"]
[PlyCount "93"]
[EventDate "2024.03.11"]
[EventType "k.o."]
[EventCountry "USA"]
[SourceTitle "playchess.com"]
[Source "ChessBase"]
[SourceQuality "1"]
[TimeControl "900+10"]

1. d4 Nf6 2. c4 e6 3. Nc3 Bb4 4. a3 Bxc3+ 5. bxc3 b6 6. f3 Nc6 7. e4 Na5 8. Bd3 Ba6 9. Qe2 c5 10. Nh3 cxd4 11. cxd4 Nb3 12. e5 Ng8 (12... Nxd4 $2 13. Qf2 (13. Qb2 Nc6 $18) 13... Nb3 14. exf6 Nxc1 15. Rxc1 $18) 13. Rb1 Nxd4 (13... Nxc1 $6 14. Rxc1 Qh4+ 15. Qf2 Qxf2+ 16. Nxf2 $14) 14. Qf2 Nc6 {[%emt 0:00:57] Excellent horsemanship.} 15. Qg3 Qc7 16. f4 (16. Qxg7 $2 Qxe5+ 17. Qxe5 Nxe5 $19) 16... Nge7 17. O-O $36 {[%emt 0:01:19][%mdl 2048] White fights for an advantage.} Ng6 18. Ng5 Nce7 19. Bd2 Nf5 20. Qh3 Bxc4 21. Rfc1 Qc5+ 22. Kh1 b5 (22... h6 $2 23. Nxf7 (23. Rxc4 hxg5 $15) 23... Qf2 24. Rxc4 $18 (24. Nxh8 Bxd3 25. Qxd3 Nxh8 $18) (24. Bxc4 O-O $16)) 23. Bxf5 exf5 24. Qxf5 {[%emt 0:00:10] [#] Threatens to win with Ne4.} (24. Nxh7 $2 Qd4 25. Be3 (25. Qf3 $2 Bd5 $19) 25... Qe4 $19) 24... Qd5 25. Qe4 {[%emt 0:00:36][%cal Oc1c4] aiming for Rxc4!} (25. Bb4 $2 Bd3 (25... Qxg2+ 26. Kxg2 Nh4+ 27. Kf2 $17) 26. Qg4 Bxb1 27. Rxb1 a5 $19) 25... O-O 26. Qxd5 Bxd5 27. Rxb5 Bc6 28. Rb4 Nh4 29. Kg1 h6 ({Much worse is} 29... Bxg2 30. f5 Nf3+ 31. Kxg2 $11) (29... Nxg2 30. Rxc6 Nxf4 31. Rd6 $18) 30. Ne4 Rfb8 {[%emt 0:00:02] [#] ...Rxb4 is the strong threat.} 31. Nd6 {[%emt 0:02:45] The position is equal.} a5 32. Rxb8+ Rxb8 33. Be1 $1 Nxg2 34. Rxc6 $1 Nxe1 $11 {[%emt 0:00:32][%mdl 4096] Endgame. KRN-KRN} 35. Rc3 Rb2 36. f5 Rc2 37. Rb3 g5 38. Kf1 Ng2 39. Ne8 Nf4 40. Rb8 {[%emt 0:01:27] Threatening mate with Nf6+.} Rc1+ ({Weaker is} 40... Rxh2 41. Nf6+ Kg7 42. Rg8#) 41. Kf2 {White threatens Nf6+ and mate.} Nd3+ 42. Ke3 {[%emt 0:00:21] White wants to mate with Nf6+.} Nxe5 {[%emt 0:00:02] Strongly threatening ...Kf8.} 43. Nf6+ Kg7 44. Nh5+ Kh7 45. Nf6+ Kg7 46. Nh5+ Kh7 47. Nf6+ {[%emt 0:00:00] Weighted Error Value: White=0.03 (flawless) /Black=0.04 (flawless) .  Inaccurate:     	White=1     	Black=2      OK:         	White=27    	Black=20     Best:        	White=3     	Black=4      Strong:       	White=2     	---} 1/2-1/2

[Event "American Cup Open Elimination 2024"]
[Site "Saint Louis"]
[Date "2024.03.14"]
[Round "1.2"]
[White "Oparin, Grigoriy"]
[Black "Sevian, Samuel"]
[Result "1/2-1/2"]
[ECO "D00"]
[WhiteElo "2671"]
[BlackElo "2697"]
[Annotator "TA"]
[PlyCount "76"]
[EventDate "2024.03.11"]
[EventType "k.o."]
[EventCountry "USA"]
[SourceTitle "playchess.com"]
[Source "ChessBase"]
[SourceQuality "1"]
[TimeControl "900+10"]

1. d4 Nf6 2. Nc3 d5 3. Bf4 e6 4. Nb5 Na6 5. e3 c6 6. Nc3 Qb6 7. a3 Be7 (7... Qxb2 $2 8. Na4 Bb4+ 9. axb4 Qxb4+ 10. c3 $18) 8. Nf3 c5 (8... Qxb2 $2 {is the wrong capture.} 9. Na4 $18) 9. Rb1 Bd7 10. Ne5 cxd4 11. Qxd4 Qxd4 12. exd4 Nb8 13. Nb5 Bxb5 14. Bxb5+ Nfd7 15. O-O a6 16. Bd3 Nxe5 17. Bxe5 O-O 18. c3 Nd7 19. Bf4 Rfc8 20. a4 Nb6 21. Ra1 Nc4 22. Ra2 Na5 23. g3 Rc6 24. h4 h5 25. Rd1 Bd6 26. Bg5 Rac8 27. Kg2 Kf8 28. Re1 Be7 29. Bf4 Bd6 30. Bg5 Be7 31. Bf4 Bd6 32. Be3 Rb6 33. Bg5 Be7 34. Bf4 Nc4 ({Black should play} 34... Bd6 $11) 35. Re2 (35. a5 $1 $14 Rbc6 36. b3) 35... Na5 36. Re1 Nc4 37. Re2 (37. a5 $1 $14 Rbc6 38. b3) 37... Na5 $11 38. Re1 ({White should try} 38. f3 $11) 38... Nc4 {[%emt 0:00:11] Weighted Error Value: White=0.14 (very precise) /Black=0.10 (very precise) .  Mistake:       	White=3     	Black=1      Inaccurate:     	White=1     	Black=2      OK:         	White=5     	Black=17} 1/2-1/2

[Event "American Cup Open Elimination 2024"]
[Site "Saint Louis"]
[Date "2024.03.12"]
[Round "1.3"]
[White "Shankland, Sam"]
[Black "Dominguez Perez, Leinier"]
[Result "0-1"]
[ECO "E28"]
[WhiteElo "2674"]
[BlackElo "2749"]
[Annotator "TA"]
[PlyCount "76"]
[EventDate "2024.03.11"]
[EventType "k.o."]
[EventCountry "USA"]
[SourceTitle "playchess.com"]
[Source "ChessBase"]
[SourceQuality "1"]
[TimeControl "900+10"]

1. d4 Nf6 2. c4 e6 3. Nc3 Bb4 4. e3 O-O 5. a3 Bxc3+ 6. bxc3 d6 7. f3 (7. Nf3 $11) 7... e5 ({Besser ist} 7... b6 $15) 8. e4 (8. Bd3 $5) 8... Nh5 {[%emt 0:00:11] Und jetzt ...Qh4+ wäre schön.} 9. Be3 {[%emt 0:00:02] Schwarz steht etwas besser.} f5 10. exf5 exd4 11. cxd4 Bxf5 (11... Re8 $1 $15 12. Qb3 Qh4+ 13. Kd2 c5) 12. Ne2 (12. g4 {wäre vielleicht verwirrender.} Re8 13. Qb3 Bc2 14. Qc3) 12... Qe7 13. Qd2 Bg6 14. Nc3 Nc6 15. Be2 Rae8 16. Nd5 Qf7 17. O-O b6 18. Rae1 (18. f4 $1 $14 Be4 19. Nxc7 Qxc7 20. Bxh5) 18... Na5 $1 $15 19. g4 Nf6 20. Nxf6+ Qxf6 21. Bf2 {[%emt 0:01:18] Schwarz führt seinen Vorteil zum Gewinn.} ({Vorzuziehen ist} 21. c5 $15) 21... c5 $17 {[%emt 0:01:06] Schwarz hat aktiveres Spiel.} 22. dxc5 dxc5 23. h4 Rd8 24. Qa2 (24. Qe3 $142) 24... Bd3 25. Kg2 (25. h5 {ist wohl besser.}) 25... Qf7 $19 ({Bloß nicht} 25... Nxc4 26. Kg1 Qf7 27. h5) 26. Bg3 Nxc4 {[%emt 0:00:06] Weiss muss nun ...Ne3+ beachten.} ({Auf keinen Fall} 26... Bxc4 27. Qc2 $19) 27. Kh3 b5 {[%emt 0:01:29] Weiss ist schwach auf den weissen Feldern} 28. Rd1 $2 (28. h5) 28... Bxe2 {[%emt 0:00:10] Schwarz steht klar auf Gewinn.} 29. Qxe2 Rde8 (29... Nxa3 30. Rxd8 Rxd8 31. Qe3 $17) 30. Qf2 (30. Qa2 $142 Re3 31. Rf2) 30... Ne3 ({Schlechter ist} 30... Nxa3 31. Bd6 $14) 31. Bd6 Nxd1 32. Qxc5 Ne3 33. Rf2 a6 {[%emt 0:00:56][%cal Oe3g4] ...Nxg4! wäre nun fies.} 34. h5 {[%emt 0:00:08] [#]} Nd5 $1 35. Bxf8 Rxf8 36. Qc6 Nf4+ 37. Kg3 h6 {[%emt 0:00:10] ...Qe7 ist eine echte Drohung.} 38. Rd2 {[%emt 0:00:15] [#]} Nxh5+ $1 {[%emt 0:00:08] Gewichteter Fehlerwert: Weiß=0.92/Schwarz=0.57.  Fehler:       	Weiß=6     	Schwarz=2     Ungenau:       	Weiß=2     	Schwarz=2     OK:         	Weiß=5     	Schwarz=11    Bester:       	Weiß=2     	Schwarz=2     Stark:        	---       	Schwarz=1} 0-1

[Event "American Cup Open Elimination 2024"]
[Site "Saint Louis"]
[Date "2024.03.12"]
[Round "1.3"]
[White "Oparin, Grigoriy"]
[Black "Sevian, Samuel"]
[Result "0-1"]
[ECO "A20"]
[WhiteElo "2671"]
[BlackElo "2697"]
[Annotator "TA"]
[PlyCount "66"]
[EventDate "2024.03.11"]
[EventType "k.o."]
[EventCountry "USA"]
[SourceTitle "playchess.com"]
[Source "ChessBase"]
[SourceQuality "1"]
[TimeControl "900+10"]

1. c4 e5 2. g3 c6 3. Nf3 e4 4. Nd4 d5 5. cxd5 Qxd5 6. Nc2 Nf6 7. Nc3 Qe5 8. Bg2 {[%emt 0:00:04] Die Stellung ist ausgeglichen.} Na6 9. O-O Be7 10. a3 O-O 11. b4 Rd8 (11... Bf5 $142) 12. Bb2 $11 Bf5 13. Ne3 {[%emt 0:01:06][%cal Oc3d5] Und Ncd5! würde nun gewinnen.} Bg6 14. Qb3 ({Günstiger ist} 14. Ncd5 $1 $14 Qxb2 15. Nxe7+ Kf8 16. Nc4) 14... Qh5 15. Rad1 Nc7 16. Qc4 Qe5 17. Na4 Qh5 18. Nc5 {[%emt 0:00:51] Wehrt Ne6 ab} b5 19. Qc2 Bxc5 $1 20. Bxf6 (20. Qxc5 {vereinfacht} Qxc5 21. bxc5 Nfd5 22. f3) 20... gxf6 21. bxc5 {[%emt 0:00:03] [#]} (21. Qxc5 $11 Qxc5 22. bxc5) 21... Ne6 $1 $17 22. d3 (22. g4 $142 Qe5 (22... Qxc5 23. Qxc5 Nxc5 24. h4 $11) 23. Nf5 Bxf5 (23... Qxc5 24. Qxe4 Nd4 25. Ne7+ Kg7 26. Nxg6 $11) (23... Nxc5 24. Rc1 $15) 24. gxf5) 22... Nd4 {[%emt 0:01:17] Schwarz steht aktiver.} (22... Qxc5 23. dxe4 Qxc2 (23... Qxa3 24. Qxc6 Qc5 25. Qa6 $16) 24. Nxc2 $11) 23. Qb2 (23. g4 $17 {war erzwungen.} Qe5 24. Qa2) 23... Nxe2+ $19 (23... Qxc5 24. dxe4 $11) (23... Qxe2 24. Rd2 Qh5 25. g4 $15) 24. Kh1 exd3 (24... Rxd3 25. g4 (25. Qxf6 Qxc5 26. Rde1 Nc3 $16) 25... Qxc5 26. Qxe2 $16) 25. Qxf6 Qxc5 26. Ng4 {[%emt 0:00:46][%cal Od1d3] [#]} Qd4 ({Und nicht} 26... Qxa3 27. Nh6+ (27. Qxc6 $2 {ist das falsche Schlagen.} Rac8 $19) (27. Bxc6 $2 Qc3 $17) 27... Kf8 28. Qh8+ (28. Qxc6 $2 Rac8 $19) (28. Bxc6 $2 Qc3 $19) 28... Ke7 29. Qe5+ Kf8 30. Qh8+ (30. Bxc6 $2 Qc3 $19) 30... Ke7 31. Qe5+ Kf8 32. Qh8+ $11 (32. Bxc6 $2 Qc3 $19)) 27. Qg5 (27. f4 {war nötig.} Rd6 (27... Qxf6 28. Nxf6+ Kg7 29. f5 $17) 28. Qe7) 27... Nc3 28. Nf6+ (28. Rd2 $142 Rd6 29. Nh6+ Kf8 30. Ng4) 28... Kh8 29. Rd2 Rd6 30. Ng4 Re8 {[%emt 0:00:01] Lässt Ne5 nicht zu} 31. h4 f6 32. Qf4 Qxf4 33. gxf4 Re2 {[%emt 0:00:02] Gewichteter Fehlerwert: Weiß=0.55/Schwarz=0.06 (makellos) .  Fehler:       	Weiß=6     	Schwarz=1     Ungenau:       	Weiß=1     	Schwarz=3     OK:         	Weiß=7     	Schwarz=12    Bester:       	Weiß=1     	Schwarz=1     Stark:        	---       	Schwarz=2} 0-1

[Event "American Cup Open Elimination 2024"]
[Site "Saint Louis"]
[Date "2024.03.15"]
[Round "1.4"]
[White "Dominguez Perez, Leinier"]
[Black "Shankland, Sam"]
[Result "0-1"]
[ECO "B80"]
[WhiteElo "2749"]
[BlackElo "2674"]
[Annotator "TA"]
[PlyCount "96"]
[EventDate "2024.03.11"]
[EventType "k.o."]
[EventCountry "USA"]
[SourceTitle "playchess.com"]
[Source "ChessBase"]
[SourceQuality "1"]
[TimeControl "900+10"]

1. e4 c5 2. Nf3 d6 3. d4 cxd4 4. Nxd4 Nf6 5. Nc3 a6 6. Be3 e6 7. a3 b5 8. g4 Bb7 9. Bg2 {[%emt 0:00:13] Weiß steht etwas besser.} Nfd7 10. g5 Nc6 11. f4 h6 {[%emt 0:00:38] [#]} 12. Nxe6 $1 fxe6 13. Qh5+ Ke7 14. O-O-O {[%emt 0:00:03][%cal Oe4e5] Schwarz muss nun e5! beachten.} g6 15. Qg4 (15. Qxg6 Qe8 16. Qxe8+ Rxe8 $17) ({Günstiger ist} 15. Qh3 $1 $16) 15... hxg5 {[%emt 0:00:40] [#]} (15... Kf7 $11) 16. e5 $1 $16 (16. Bh3 Qe8 (16... Rxh3 17. Qxh3 Bg7 18. f5 $17) 17. Qxg5+ (17. Qxe6+ $2 Kd8 $19) 17... Nf6 $11) 16... Rh4 17. Qg3 Ke8 (17... Kf7 $16) 18. Ne4 $2 (18. Qxg5 $2 Qxg5 (18... dxe5 $2 19. Qxg6+ Ke7 20. f5 $18) 19. fxg5 Ndxe5 $19 (19... d5 $2 20. Bf2 $19)) (18. fxg5 Rc4) (18. exd6 $18 b4 19. axb4 (19. fxg5 bxc3 20. Qxh4 Qa5 $16)) 18... Ncxe5 $1 $15 {[%emt 0:00:14] Zielt auf ...gxf4 ab.} (18... dxe5 $2 19. fxg5 (19. Qxg5 $2 Qxg5 20. fxg5 Nd8 $19) 19... Rxe4 20. Bxe4 $18) (18... d5 $2 19. Nxg5 Rh6 20. Nxe6 $18) 19. fxe5 (19. Nxg5 $15 {verdient Beachtung.} Bxg2 (19... Rg4 20. Bxb7 Rxg3 21. hxg3 $11) 20. fxe5 Nxe5 (20... Bxh1 21. Nxe6 Nxe5 22. Nxd8 $18) 21. Qxh4 (21. Qxg2 Rg4 $17) 21... Bxh1 22. Rxh1) 19... Bxe4 $17 20. Bxg5 {[%emt 0:00:04] [#]} Qxg5+ 21. Qxg5 Bh6 {[%emt 0:00:00] Manche mögen's heiß} 22. Qxh6 Rxh6 23. Bxe4 d5 24. Bd3 Nxe5 25. Rhe1 Rh5 26. Be2 Rf5 27. Bd3 Nxd3+ 28. Rxd3 {[%emt 0:00:01][%mdl 4096] Endspiel. KRR-KRR} Ke7 29. Rde3 Rf6 30. R1e2 Rh8 31. b3 Kd6 32. Rg3 a5 33. Reg2 Rh6 34. Rg5 (34. Rg4 $17) 34... e5 35. h4 (35. Kb2 $142) 35... Rxh4 $19 36. Rxg6 $2 (36. Kb2 {ist eine bessere Verteidigung.}) 36... Rxg6 37. Rxg6+ {[%emt 0:00:01] KR-KR} Kc5 38. Ra6 Kd4 {[%emt 0:01:01] ...e4 wäre nun fies.} 39. Rxa5 Kc3 40. Kd1 Rh1+ 41. Ke2 Rh2+ (41... Kxc2 42. Rxb5 Rh2+ 43. Ke1 $15) 42. Kd1 Rd2+ (42... Rxc2 43. Rxb5 Rd2+ 44. Ke1 $19) 43. Ke1 Rxc2 {[%emt 0:00:05] Droht stark ...e4.} (43... Kxc2 44. Rxb5 Rd4 45. Rc5+ Kxb3 46. Rb5+ Kc4 (46... Kxa3 $2 47. Ke2 $19) 47. Rb1 $19) 44. Rxb5 {[%emt 0:00:05] [#]} Kd4 $1 {[%emt 0:00:04] Und ...e4 würde nun gewinnen.} 45. a4 e4 {[%emt 0:00:31] Schwarz setzt Matt.} 46. a5 e3 47. a6 Ra2 48. b4 Rxa6 {[%emt 0:00:09] Kein schönes Erlebnis für Weiß.   Gewichteter Fehlerwert: Weiß=0.65/Schwarz=0.18 (sehr präzise) .  Gewinn verpasst:   	Weiß=1     	---        Fehler:       	Weiß=5     	Schwarz=3     Ungenau:       	Weiß=3     	---        OK:         	Weiß=9     	Schwarz=13    Bester:       	Weiß=4     	Schwarz=9     Stark:        	Weiß=1     	Schwarz=1     Brilliant:      	---       	Schwarz=1} 0-1

[Event "American Cup Open Elimination 2024"]
[Site "Saint Louis"]
[Date "2024.03.15"]
[Round "1.4"]
[White "Sevian, Samuel"]
[Black "Oparin, Grigoriy"]
[Result "1-0"]
[ECO "E15"]
[WhiteElo "2697"]
[BlackElo "2671"]
[Annotator "TA"]
[PlyCount "113"]
[EventDate "2024.03.11"]
[EventType "k.o."]
[EventCountry "USA"]
[SourceTitle "playchess.com"]
[Source "ChessBase"]
[SourceQuality "1"]
[TimeControl "900+10"]

1. d4 Nf6 2. Nf3 e6 3. c4 b6 4. g3 Ba6 5. b3 Bb4+ 6. Bd2 Be7 7. Bg2 d5 8. Ne5 c6 9. O-O Nfd7 10. Nxd7 Nxd7 11. Bc3 dxc4 12. Bxc6 {[%emt 0:00:10] Die Stellung ist ausgeglichen.} Rc8 13. Bg2 O-O 14. b4 Rc7 15. Nd2 Nf6 16. e4 {[%emt 0:00:23] Wehrt Nd5 ab} Bb7 17. b5 Qd7 18. a4 a6 {[%emt 0:00:16] [#]} 19. bxa6 $1 Bxa6 20. Qc2 Rb8 21. Rfb1 Rcc8 22. Nf1 Ne8 23. Ne3 Nd6 24. d5 Ne8 25. Ng4 {[%emt 0:01:06] Und jetzt Ne5 wäre schön. Weiß hat aktiveres Spiel.} Bd6 ({Aber nicht} 25... exd5 $2 26. Ne5 Qd6 27. exd5 $18) (25... Bc5 $16) 26. Ne5 $18 Bxe5 27. Bxe5 Rb7 {[%emt 0:00:02] Schwarz hat schwache schwarze Felder} 28. Qc3 b5 $2 (28... Rd8 29. h4 h5) 29. axb5 (29. Qa5 $142) 29... Rxb5 30. Rxb5 Bxb5 (30... Qxb5 {war nötig.} 31. dxe6 fxe6) 31. Bh3 Qe7 32. dxe6 fxe6 {[%emt 0:00:02] [#]} 33. Ra7 $3 Qxa7 34. Bxe6+ Kh8 {[%emt 0:00:07] ...Bd7 ist eine echte Drohung.} 35. Bxc8 {[%emt 0:00:03] Ein starkes Läuferpaar.} Qe7 {[%emt 0:00:42] Wehrt Qb4 ab} 36. Qd4 {[%emt 0:00:27] Lässt Nd6 nicht zu} Nf6 37. Bf5 h5 38. h3 h4 (38... Be8 $142 39. Bxf6 gxf6 40. Qxc4 Bf7) 39. g4 ({Viel schwächer ist} 39. gxh4 Be8 40. Bxf6 Qxf6 41. Qxc4 Qxh4 $18) 39... Be8 40. Bd6 Qb7 (40... Qd8 41. Qc5 Bf7) 41. Be5 Qe7 42. Kh2 Bf7 43. Bf4 Nh7 44. Bd2 Qc7+ (44... Nf8 $142 45. Bc3 Bg8) 45. Kg2 Nf8 46. Bc3 Ne6 47. Bxe6 Bxe6 {[%emt 0:00:02][%mdl 4096] Endspiel. KQB-KQB} 48. Qe3 {[%emt 0:00:01] Weiss will mit Qh6+ Matt setzen.} Kg8 49. Qg5 Qd7 50. f3 ({Weniger gut wäre} 50. Qxh4 Qd3 51. Qe7 Qxe4+ 52. Kg1 Qb1+ 53. Kh2 Qb8+ 54. Kg2 Bd5+ 55. f3 Qf8 56. Qxf8+ Kxf8 $16) 50... Qa7 51. Qxh4 Qe3 (51... Qa2+ $142 52. Qf2 Qb1) 52. Qd8+ Kh7 53. Qd4 Qh6 54. Kg3 (54. h4 $142) 54... Bf7 55. Qe5 {[%emt 0:00:04] Pariert Be8. Weiß setzt Matt.} Qg6 56. h4 Qh6 57. g5 {[%emt 0:00:04] Gewichteter Fehlerwert: Weiß=0.42/Schwarz=0.52.  Fehler:       	Weiß=1     	Schwarz=7     Ungenau:       	Weiß=4     	Schwarz=6     OK:         	Weiß=20    	Schwarz=12    Bester:       	Weiß=3     	Schwarz=5     Stark:        	Weiß=1     	---} 1-0

[Event "American Cup Open Elimination 2024"]
[Site "Saint Louis"]
[Date "2024.03.16"]
[Round "2.1"]
[White "Caruana, Fabiano"]
[Black "Dominguez Perez, Leinier"]
[Result "0-1"]
[ECO "D35"]
[WhiteElo "2804"]
[BlackElo "2749"]
[Annotator "TA"]
[PlyCount "92"]
[EventDate "2024.03.11"]
[EventType "k.o."]
[EventCountry "USA"]
[SourceTitle "playchess.com"]
[Source "ChessBase"]
[SourceQuality "1"]
[TimeControl "1500+10"]

1. d4 Nf6 2. c4 e6 3. Nc3 d5 4. cxd5 exd5 5. Bg5 c6 6. e3 Bf5 7. Nge2 h6 8. Bf4 Nbd7 9. Ng3 {[%emt 0:00:20] Die Stellung ist ausgeglichen.} Bh7 10. h4 Bb4 11. Bd3 Bxd3 12. Qxd3 O-O 13. f3 Re8 14. a3 Bf8 15. Kf2 g6 16. Nge2 Bg7 17. g4 h5 18. Rag1 hxg4 19. fxg4 c5 20. h5 cxd4 21. exd4 Ne4+ 22. Nxe4 $2 (22. Kg2 $11 {und Weiss muss sich keine Sorgen machen.} Ndf6 23. h6) 22... Rxe4 $19 (22... dxe4 23. Qb3 $11) 23. Qf3 (23. Rg3 {war nötig.}) 23... Qb6 (23... Bxd4+ 24. Nxd4 Qb6 25. Kg3 (25. Be3 $2 Ne5 $19) 25... Rxd4 (25... Qxd4 26. hxg6 fxg6 27. Rd1 $11) 26. hxg6 fxg6 27. Rd1 $19) 24. Kg3 Qxb2 (24... Bxd4 25. Nxd4 Rxd4 (25... Qxd4 26. Rd1 $15) 26. hxg6 fxg6 27. Rd1 $17) 25. Rg2 Rc8 (25... Bxd4 26. Nxd4 Qxd4 27. Rd2 $14) 26. h6 (26. Rf1 $142 Qb6 (26... Bxd4 27. Bc1 $15) 27. Bd2) 26... Bxd4 27. Nxd4 (27. h7+ $142 Kh8 28. Rd1) 27... Qxd4 28. Rd1 Qf6 29. g5 Qf5 {[%emt 0:01:32][%cal Oe4f4] [#] Und ...Rxf4! würde nun gewinnen.} 30. Rc1 Rce8 {[%emt 0:02:07] Droht ...Ne5 und aus.} 31. Bd2 Qe6 ({Finger weg von} 31... Qe5+ 32. Bf4 Qe6 33. Kh2 $19) 32. Rh1 $2 (32. Rf1 {ist eine bessere Verteidigung.}) 32... Kh7 {[%emt 0:00:46] Und jetzt ...Ne5 wäre schön.} 33. Rh4 Qd6+ 34. Bf4 Ne5 35. Qb3 Re7 36. Rf2 Qc6 37. Rh1 (37. Bd2 $142) 37... Nc4 {[%emt 0:00:14] [#] Zielt auf ...Ne3 ab.} 38. Rf3 Ne5 {[%emt 0:00:27] ...Qe6 wäre nun fies.} 39. Rf2 $1 Qe6 40. Rh4 {[%emt 0:00:02] Verhindert Qg4+.} Nc4 41. Rf3 Nd6 42. Bxd6 Qxd6+ {[%emt 0:00:01] Schwarz setzt Matt.} 43. Rhf4 Rxf4 44. Rxf4 Re4 45. Qf3 Qe5 46. Kg4 Qf5+ {[%emt 0:00:02] Gewichteter Fehlerwert: Weiß=0.70/Schwarz=0.21 (präzise) .  Fehler:       	Weiß=5     	---        Ungenau:       	Weiß=3     	Schwarz=2     OK:         	Weiß=8     	Schwarz=16    Bester:       	---       	Schwarz=2} 0-1